Map: King of Braxis Station

Players

MrFercho

  • Race: Terran Terran
  • Spawn Location: 11:00

tigro

  • Race: Terran Terran
  • Spawn Location: 12:00

Zhercool - Winner!

  • Race: Protoss Protoss
  • Spawn Location: 1:00

IA (Difícil)

  • Race: Zerg Zerg
  • Spawn Location: 6:00

IA (Difícil)

  • Race: Protoss Protoss
  • Spawn Location: 7:00

IA (Difícil)

  • Race: Zerg Zerg
  • Spawn Location: 9:00

IA (Difícil)

  • Race: Zerg Zerg
  • Spawn Location: 3:00

IA (Difícil)

  • Race: Terran Terran
  • Spawn Location: 5:00

VOD

Have the link to the VOD?

Description

Time

  • Played on: March 22, 2020, 10:13 p.m.
  • Length: 26:28
Show
View Real Time Build Order
Export as new Build Order

MrFercho Terran 

Build Orders:  

Get SALT Encoding   

  12  0:02  SCV  
  13  0:15  SCV  
  14  0:22  Supply Depot  
  14  0:26  Refinery  
  14  0:29  SCV  
  15  0:42  Engineering Bay  
  15  0:45  SCV  
  16  0:59  SCV  
  17  1:10  Barracks  
  17  1:14  SCV  
  18  1:27  SCV  
  19  1:39  SCV  
  20  1:46  Supply Depot  
  20  1:53  Refinery  
  20  2:03  Factory  
  20  2:04  Marine  
  21  2:10  Orbital Command  
  21  2:35  SCV  
  22  2:47  SCV  
  23  2:52  Starport  
  23  3:02  Starport  
  23  3:08  SCV  
  23  3:10  Supply Depot  
  24  3:20  SCV  
  25  3:30  Factory Tech Lab  
  25  3:31  Barracks Tech Lab  
  25  3:33  Starport Tech Lab  
  25  3:45  Starport Tech Lab  
  25  3:52  Armory  
  25  4:08  Banshee  
  28  4:25  Missile Turret  
  28  4:28  Missile Turret  
  28  4:29  Missile Turret  
  28  4:37  Missile Turret  
  28  4:39  Armory  
  28  4:46  Terran Vehicle Weapons Level 1  
  28  4:51  Missile Turret  
  28  4:54  Missile Turret  
  28  4:56  Missile Turret  
  28  4:58  Viking  
  30  5:04  Banshee  
  30  5:05  Missile Turret  
  33  5:14  Missile Turret  
  33  5:31  Engineering Bay  
  33  5:50  Armory  
  33  5:52  Terran Vehicle And Ship Armor Level 1  
  33  5:59  Engineering Bay  
  33  6:01  Terran Infantry Weapons Level 1  
  30  6:44  Marauder  
  30  6:47  Barracks x2  
  32  6:50  Barracks, Thor  
  38  7:06  Marauder, Banshee x2  
  46  7:11  SCV  
  47  7:23  SCV  
  47  7:28  Marauder  
  50  7:32  Thor  
  50  7:35  SCV  
  57  7:49  Viking x2  
  61  8:24  Barracks Tech Lab  
  61  8:25  Barracks Tech Lab  
  61  8:33  Terran Infantry Armor Level 1, Barracks Tech Lab, Terran Infantry Weapons Level 2  
  61  8:34  Neosteel Armor  
  61  8:38  Terran Vehicle Weapons Level 2  
  61  8:39  Terran Ship Weapons Level 1, Terran Vehicle And Ship Armor Level 2  
  61  9:14  Barracks  
  61  10:03  Barracks  
  61  10:34  Siege Tank  
  37  10:51  Factory  
  37  10:53  Viking  
  37  10:54  Viking  
  41  11:06  Siege Tank  
  44  11:23  Viking  
  44  11:24  Viking  
  48  11:35  Factory  
  48  11:44  Barracks Tech Lab x2  
  48  11:45  Factory Tech Lab  
  48  11:53  Viking  
  48  11:54  Viking  
  52  12:21  Starport  
  52  12:23  Viking  
  52  12:29  Reaper  
  55  12:32  Marine  
  56  12:50  Marine, Widow Mine  
  59  12:58  Starport  
  59  13:01  Marine  
  59  13:02  Hellion  
  62  13:35  Supply Depot  
  62  13:36  Starport  
  62  13:37  Supply Depot x2  
  62  13:39  Supply Depot  
  62  13:57  Marauder x2, Hellion, Widow Mine  
  62  13:58  Supply Depot  
  62  14:00  Supply Depot  
  62  14:02  Supply Depot  
  70  14:19  Marauder x2, Hellion, Widow Mine  
  78  14:40  Marauder x2, Hellion, Widow Mine  
  86  15:01  Hellion x2  
  66  15:35  Thor  
  72  15:44  Starport Tech Lab  
  72  15:45  Starport Tech Lab  
  72  16:08  Banshee x2  
  78  16:18  Siege Tank  
  81  16:50  Siege Tank  
  81  16:51  Viking, Banshee  
  56  17:21  Viking  
  58  17:23  Cyclone  
  59  17:34  Viking  
  55  17:51  Viking  
  55  17:55  Marine, Cyclone  
  55  17:56  Marine  
  62  18:13  Marine x2  
  64  18:26  Thor  
  64  18:31  Marine x2  
  72  18:49  Marine x2  
  74  19:07  Marine x2  
  74  19:09  Thor  
  82  19:13  Viking x2  
  68  19:43  Viking x2  
  47  20:13  Viking x2  
  47  20:43  Viking x2  
  51  21:14  Starport  
  51  21:16  Starport  
  51  21:17  Starport  
  43  21:19  Starport x2  
  43  21:24  Starport  
  37  21:47  Siege Tank  
  36  22:16  Medivac  
  36  22:19  Siege Tank  
  41  22:55  Viking x2  
  41  22:56  Viking  
  47  23:32  SCV  
  48  23:44  SCV  
  49  23:56  SCV  
  47  24:06  Hellion x2  
  47  24:08  SCV  
  51  24:20  SCV  
  52  24:27  Hellion  
  52  24:28  Hellion  
  54  24:42  Marauder x2  
  58  24:49  Hellion  
  60  25:03  Marauder x2  
  44  25:24  Sensor Tower, Marauder x2  
Show
View Real Time Build Order
Export as new Build Order

tigro Terran 

Build Orders:  

Get SALT Encoding   

  12  0:04  SCV  
  13  0:16  SCV  
  14  0:26  Supply Depot  
  14  0:29  SCV  
  15  0:37  Refinery  
  15  0:48  SCV  
  16  1:00  SCV  
  17  1:04  Barracks  
  17  1:12  SCV  
  17  1:17  Refinery  
  18  1:24  SCV  
  19  2:08  SCV  
  19  2:20  SCV  
  19  2:22  Reaper  
  21  2:32  SCV  
  21  2:36  Barracks  
  22  2:44  SCV  
  22  2:51  Engineering Bay  
  23  2:59  Supply Depot  
  23  3:20  Reaper  
  23  3:25  Orbital Command  
  24  3:38  Barracks Tech Lab  
  24  3:40  Missile Turret  
  24  3:49  Missile Turret  
  24  3:52  Marine  
  25  4:10  Marine, Factory  
  23  4:18  Missile Turret  
  23  4:23  Marine  
  21  4:28  Marine  
  18  4:33  Missile Turret  
  18  4:39  SCV  
  18  4:41  Marine  
  20  4:51  SCV  
  21  4:58  Marine  
  22  5:03  SCV  
  23  5:13  Factory Tech Lab  
  23  5:15  SCV, Missile Turret  
  24  5:26  Armory  
  24  5:27  SCV  
  25  5:30  Missile Turret  
Show
View Real Time Build Order
Export as new Build Order

Zhercool Protoss - Winner!

Build Orders: Oracle Opening, Carriers 

Get SALT Encoding   

  12  0:00  Probe  
  13  0:13  Probe (Chrono Boost)  
  14  0:17  Pylon  
  14  0:25  Probe (Chrono Boost)  
  15  0:36  Gateway  
  15  0:41  Assimilator  
  15  0:43  Probe  
  16  0:50  Assimilator  
  16  0:55  Probe  
  17  1:10  Probe (Chrono Boost)  
  18  1:12  Forge  
  18  1:22  Probe (Chrono Boost)  
  19  1:27  Probe (Chrono Boost)  
  20  1:36  Probe  
  21  1:43  Cybernetics Core  
  21  1:46  Pylon  
  21  1:53  Probe  
  22  1:58  Pylon  
  22  2:05  Probe  
  23  2:17  Probe  
  24  2:23  Nexus  
  24  2:29  Probe  
  25  2:35  Stargate  
  25  2:50  Photon Cannon  
  25  3:02  Photon Cannon, Probe  
  26  3:11  Stargate  
  26  3:18  Pylon  
  26  3:24  Oracle (Chrono Boost)  
  29  3:37  Pylon  
  29  3:41  Probe (Chrono Boost)  
  30  3:51  Probe (Chrono Boost)  
  34  3:56  Probe (Chrono Boost)  
  35  4:04  Warp Gate  
  35  4:07  Gateway  
  35  4:08  Probe  
  35  4:17  Void Ray  
  36  4:34  Void Ray  
  36  4:38  Pylon  
  40  4:44  Probe (Chrono Boost)  
  42  4:45  Probe (Chrono Boost)  
  42  4:53  Protoss Shields Level 1  
  42  4:56  Probe (Chrono Boost)  
  43  5:05  Probe  
  44  5:08  Photon Cannon  
  44  5:10  Probe  
  45  5:19  Pylon, Probe  
  46  5:22  Probe  
  46  5:27  Shield Battery  
  43  5:50  Fleet Beacon  
  43  5:53  Probe (Chrono Boost)  
  44  6:03  Probe (Chrono Boost)  
  45  6:08  Probe (Chrono Boost)  
  46  6:16  Stargate  
  46  6:29  Photon Cannon  
  46  6:33  Twilight Council  
  46  6:37  Pylon  
  46  6:41  Robotics Facility  
  46  6:42  Pylon  
  46  6:44  Pylon  
  46  7:07  Tempest  
  51  7:11  Photon Cannon  
  51  7:17  Shield Battery  
  51  7:24  Pylon  
  51  7:40  Tempest  
  56  7:58  Shield Battery  
  56  7:59  Shield Battery  
  56  8:04  Photon Cannon, Shield Battery  
  56  8:11  Observer  
  57  8:32  Observer  
  58  8:42  Tempest  
  58  8:43  Nexus  
  63  9:09  Gateway  
  63  9:10  Gateway  
  63  9:44  Protoss Air Weapons Level 1  
  63  9:45  Pylon  
  63  9:47  Pylon  
  63  9:48  Tempest  
  68  10:03  Probe  
  68  10:05  Photon Cannon  
  68  10:06  Photon Cannon  
  69  10:08  Photon Cannon  
  69  10:11  Shield Battery  
  69  10:18  Shield Battery  
  69  10:24  Probe  
  69  10:25  Unknown  
  64  10:44  Probe (Chrono Boost)  
  65  10:50  Unknown  
  65  10:52  Pylon  
  65  10:56  Probe (Chrono Boost)  
  66  11:03  Probe (Chrono Boost)  
  67  11:10  Probe  
  67  11:12  Gateway  
  67  11:13  Photon Cannon  
  67  11:16  Protoss Shields Level 2  
  68  11:22  Probe  
  69  11:25  Cybernetics Core  
  69  11:34  Photon Cannon  
  69  11:39  Shield Battery  
  69  11:51  Photon Cannon  
  69  12:08  Carrier  
  75  12:09  Photon Cannon  
  75  12:12  Probe (Chrono Boost)  
  76  12:36  Protoss Air Weapons Level 2  
  76  12:42  Protoss Air Armor Level 1  
  76  12:45  Nexus  
  76  12:50  Pylon  
  76  13:05  Carrier  
  82  13:13  Probe  
  83  13:25  Carrier  
  89  13:35  Pylon  
  89  13:42  Photon Cannon  
  89  13:46  Shield Battery  
  89  13:52  Shield Battery  
  89  13:58  Probe, Unknown  
  89  14:01  Probe  
  91  14:07  Pylon, Probe  
  92  14:10  Probe  
  93  14:18  Unknown  
  93  14:19  Probe  
  94  14:28  Photon Cannon, Shield Battery  
  94  14:31  Probe  
  95  14:33  Photon Cannon  
  103  14:51  Probe (Chrono Boost)  
  104  14:56  Mothership (Chrono Boost)  
  104  14:58  Stargate  
  105  15:00  Probe (Chrono Boost)  
  105  15:01  Stargate  
  105  15:03  Pylon  
  105  15:05  Probe (Chrono Boost)  
  105  15:27  Pylon  
  105  15:34  Stargate  
  105  15:35  Stargate  
  105  15:46  Protoss Air Armor Level 2  
  105  15:48  Unknown  
  105  15:50  Protoss Air Weapons Level 3  
  105  15:58  Photon Cannon  
  105  16:00  Photon Cannon  
  105  16:02  Photon Cannon  
  105  16:03  Carrier  
  117  16:04  Carrier  
  117  16:15  Carrier  
  123  16:19  Pylon  
  123  16:28  Probe (Chrono Boost)  
  124  16:38  Probe (Chrono Boost)  
  126  16:41  Probe (Chrono Boost)  
  126  16:43  Probe (Chrono Boost)  
  127  16:51  Probe  
  128  16:55  Probe  
  128  17:00  Photon Cannon  
  129  17:02  Photon Cannon  
  129  17:03  Probe  
  129  17:07  Probe, Zealot x3  
  137  17:08  Zealot x2  
  137  17:12  Photon Cannon, Carrier  
  137  17:15  Probe  
  148  17:21  Carrier  
  146  17:30  Probe (Chrono Boost)  
  146  17:32  Pylon  
  147  17:40  Carrier (Chrono Boost), Probe (Chrono Boost)  
  154  17:45  Probe (Chrono Boost)  
  161  17:53  Observer  
  161  17:55  Carrier (Chrono Boost)  
  161  17:57  Probe  
  163  17:59  Carrier (Chrono Boost)  
  169  18:09  Probe  
  170  18:13  Carrier (Chrono Boost)  
  170  18:14  Observer  
  177  18:21  Tempest (Chrono Boost)  
  182  18:30  Photon Cannon  
  182  18:31  Photon Cannon  
  182  18:32  Pylon  
  182  18:34  Protoss Air Armor Level 3  
  182  18:35  Observer  
  182  18:36  Photon Cannon  
  188  18:44  Tempest x2 (Chrono Boost)  
  193  19:12  Carrier  
  199  19:53  Photon Cannon  
  199  19:55  Photon Cannon  
  199  19:56  Photon Cannon  
  199  19:57  Photon Cannon  
  199  20:27  Protoss Shields Level 3  
  199  20:30  Warp Prism  
  200  20:39  Gateway  
  200  20:42  Gateway  
  200  20:45  Gateway  
  200  20:48  Gateway  
  200  20:49  Gateway x2  
  200  20:50  Gateway x2  
  200  20:51  Charge  
  200  20:54  Pylon x2  
  200  20:55  Forge  
  200  20:56  Pylon  
  200  20:57  Pylon  
  200  21:09  Gateway  
  200  21:10  Gateway  
  200  21:12  Gateway  
  200  21:14  Gateway  
  200  21:16  Gateway  
  200  21:17  Gateway  
  200  21:24  Gateway x2  
  200  21:26  Gateway  
  200  21:45  Gateway  
  200  22:25  Protoss Ground Weapons Level 1  
  200  22:34  Anion Pulse-Crystals  
  200  22:40  Dark Shrine  
  200  22:42  Templar Archives  
  200  22:45  Pylon  
  200  23:25  Protoss Ground Armor Level 1  
  195  23:38  Unknown  
  195  23:44  Zealot x2  
  198  24:18  Dark Templar x2  
  198  24:22  Dark Templar  
  192  24:36  Dark Templar x4  
  192  24:37  Dark Templar x2  
  192  24:38  Dark Templar  
  194  24:46  Psionic Storm  
  194  24:47  Shadow Stride  
  194  24:57  Dark Templar  
  194  24:58  Dark Templar x2  
  197  25:17  Dark Templar  
  198  25:43  Dark Templar  
Show
View Real Time Build Order
Export as new Build Order

IA (Difícil) Zerg 

Build Orders: 1 Base Baneling Bust, Pool First 

Get SALT Encoding   

  12  0:01  Drone  
  13  0:12  Overlord  
  13  0:16  Drone  
  14  0:30  Drone  
  14  0:31  Drone  
  16  0:42  Spawning Pool  
  15  0:44  Drone  
  15  0:47  Drone  
  17  0:51  Extractor  
  17  0:55  Drone  
  17  1:05  Overlord  
  17  1:29  Queen  
  17  1:31  Zergling x2  
  20  1:35  Roach Warren  
  20  1:38  Drone  
  20  1:39  Drone  
  21  1:40  Extractor  
  20  1:49  Zergling x2  
  21  1:59  Drone  
  22  2:17  Roach  
  22  2:21  Overlord  
  24  2:32  Roach  
  26  2:40  Drone  
  26  2:44  Overlord, Roach  
  29  2:55  Drone  
  29  2:58  Roach  
  32  3:09  Overlord  
  32  3:10  Roach  
  34  3:22  Roach  
  36  3:35  Roach  
  36  3:36  Overlord  
  38  3:43  Drone  
  38  3:47  Drone, Roach  
  42  3:51  Drone  
  42  3:54  Drone  
  44  4:05  Drone  
  45  4:10  Baneling Nest  
  45  4:11  Roach  
  45  4:12  Drone  
  45  4:13  Drone  
  48  4:21  Drone, Evolution Chamber  
  47  4:27  Zergling x2  
  48  4:40  Roach  
  50  4:52  Roach  
  52  5:04  Roach  
  54  6:39  Lair, Overlord  
  54  6:40  Drone  
  54  6:41  Zerg Melee Weapons Level 1  
  54  6:42  Evolution Chamber, Drone  
  54  6:44  Drone  
  54  6:46  Spore Crawler  
  55  6:48  Drone  
  55  6:51  Spore Crawler  
  55  6:52  Drone  
  56  6:59  Overlord  
  55  7:07  Zerg Ground Armor Level 1  
  55  7:20  Zergling x2, Drone, Spine Crawler  
  55  7:27  Drone, Spine Crawler  
  55  7:36  Queen  
  57  7:37  Overseer  
  57  7:40  Overseer, Hydralisk Den  
  57  7:41  Drone  
  57  7:42  Spire  
  57  7:43  Drone  
  56  7:45  Drone  
  56  7:47  Infestation Pit  
  56  7:48  Drone  
  57  8:09  Hydralisk  
  59  8:13  Burrow  
  59  8:18  Hydralisk  
  61  8:22  Drone  
  61  8:27  Hydralisk  
  63  8:35  Zerg Missile Weapons Level 1  
  63  8:37  Hydralisk  
  63  9:43  Roach  
  57  9:51  Roach  
  47  9:56  Overseer  
  47  9:59  Overlord, Overseer  
  45  10:00  Roach  
  47  10:09  Roach  
  49  10:17  Roach  
  51  10:26  Roach  
  53  10:35  Roach  
  55  10:43  Roach  
  57  10:52  Roach  
  57  10:55  Overlord, Overseer  
  57  10:56  Pneumatized Carapace  
  59  10:58  Overseer, Roach  
  59  11:02  Hatchery  
  59  11:03  Infestor  
  62  11:10  Zergling x2  
  60  11:14  Overlord  
  60  11:16  Roach  
  62  11:22  Roach  
  64  11:27  Hydralisk  
  66  11:32  Hydralisk  
  66  11:33  Overlord, Roach  
  66  11:34  Drone  
  66  11:39  Hive, Hydralisk  
  71  11:45  Infestor  
  73  11:48  Roach  
  73  11:50  Infestor  
  69  11:56  Hydralisk  
  69  12:01  Overlord  
  69  12:03  Roach  
  71  12:09  Roach  
  71  12:14  Roach  
  73  12:19  Hydralisk  
  75  12:38  Zerg Melee Weapons Level 2  
  73  12:46  Hydralisk  
  73  12:51  Viper  
  78  13:21  Zergling x2  
  78  13:28  Zerg Ground Armor Level 2  
  78  14:24  Pathogen Glands  
  78  14:41  Glial Reconstitution  
  78  15:15  Zerg Missile Weapons Level 2  
  78  15:22  Zerg Flyer Weapons Level 1  
  78  15:23  Zergling x2  
  47  15:36  Corruptor  
  35  15:58  Zergling x2  
  35  16:10  Drone  
  35  16:11  Queen  
  31  16:17  Zergling x2  
  31  16:22  Drone, Roach  
  31  16:25  Drone  
  29  16:26  Drone  
  29  16:27  Roach  
  29  16:28  Drone  
  29  16:29  Drone  
  29  16:31  Drone x2  
  29  16:32  Corruptor  
  27  16:34  Drone  
  27  16:36  Drone  
  27  16:37  Drone  
  27  16:38  Zergling x2, Drone  
  31  16:40  Drone x2  
  31  16:42  Drone  
  31  16:44  Drone  
  31  16:46  Drone  
  35  16:47  Drone  
  35  16:52  Zergling x2  
  35  16:53  Queen  
  32  16:56  Zergling x2  
  32  17:01  Mutalisk  
  32  17:05  Hydralisk  
  36  17:09  Zergling x2, Drone  
  36  17:13  Roach  
  37  17:16  Drone x4  
  37  17:17  Greater Spire  
  37  17:19  Drone  
  37  17:20  Roach  
  39  17:45  Infestor  
  41  17:55  Overseer  
  41  18:04  Overseer  
  41  18:09  Roach  
  43  18:15  Roach  
  43  18:19  Overlord  
  47  18:20  Roach  
  47  18:28  Hydralisk  
  49  18:36  Spine Crawler  
  49  18:37  Drone  
  49  18:38  Hydralisk  
  51  18:57  Drone  
  51  18:59  Drone  
  49  19:02  Zergling x2  
  49  19:08  Infestor  
  49  19:17  Hydralisk  
  49  19:37  Zergling x2  
  50  19:39  Baneling  
  50  19:40  Baneling, Zergling x2  
  50  19:42  Zergling x2  
  50  19:44  Zergling x2  
  53  19:47  Overlord, Mutalisk  
  55  20:06  Zergling x2  
  56  20:07  Mutalisk  
  58  20:25  Mutalisk  
  60  20:32  Baneling  
  60  20:36  Baneling, Overlord, Zergling x2  
  60  20:39  Roach  
  61  20:48  Zergling x2  
  58  20:50  Zergling x2  
  58  20:52  Zergling x2  
  58  20:55  Zergling x2  
  49  20:57  Zergling x2  
  49  20:59  Zergling x2  
  49  21:02  Zergling x2  
  38  21:04  Zergling x2  
  38  21:07  Zergling x2  
  38  21:09  Zergling x2  
  38  21:12  Baneling, Evolution Chamber  
  38  21:13  Drone  
  38  21:15  Zergling x2  
  37  21:19  Zergling x2  
  37  21:21  Zergling x2  
  37  21:23  Zergling x2  
  37  21:26  Zergling x2  
  37  21:28  Zergling x2  
  37  21:31  Drone  
  34  21:34  Roach  
  34  21:38  Zergling x2  
  34  21:39  Drone  
  34  21:40  Drone x2  
  34  21:45  Zergling x2  
  32  21:47  Baneling  
  32  21:48  Zergling x2  
  32  21:49  Drone  
  32  21:51  Zergling x2  
  33  21:55  Roach  
  33  21:58  Zergling x2  
  29  22:02  Drone x2  
  29  22:03  Zergling x2  
  24  22:16  Drone  
  14  22:25  Hatchery  
Show
View Real Time Build Order
Export as new Build Order

IA (Difícil) Protoss 

Build Orders:  

Get SALT Encoding   

  12  0:01  Probe  
  13  0:13  Probe  
  14  0:21  Pylon  
  14  0:25  Probe  
  15  0:35  Probe  
  16  0:43  Probe  
  16  0:48  Assimilator  
  17  0:53  Gateway, Probe  
  18  1:01  Probe  
  18  1:03  Pylon  
  19  1:23  Probe  
  20  1:40  Zealot  
  20  1:44  Cybernetics Core  
  20  1:46  Gateway  
  22  1:48  Assimilator  
  22  2:01  Zealot  
  22  2:05  Pylon  
  24  2:23  Warp Gate  
  24  2:28  Stalker  
  26  2:33  Stalker  
  28  2:52  Stalker  
  28  2:53  Pylon  
  30  3:03  Adept, Probe  
  33  3:15  Probe  
  33  3:18  Stalker  
  34  3:24  Forge  
  36  3:27  Probe  
  36  3:32  Stalker  
  39  3:39  Probe  
  40  3:46  Pylon  
  40  3:51  Probe  
  41  4:03  Probe  
  42  4:36  Protoss Ground Weapons Level 1  
  42  4:56  Sentry, Probe  
  42  4:58  Gateway  
  45  5:00  Robotics Facility  
  45  5:03  Photon Cannon  
  45  5:06  Stalker  
  47  5:08  Probe  
  47  5:12  Pylon  
  48  5:19  Sentry  
  50  5:25  Twilight Council  
  49  5:29  Adept, Probe  
  52  5:42  Stalker, Photon Cannon  
  54  5:49  Observer  
  55  5:59  Forge  
  55  6:04  Blink  
  55  6:10  Observer  
  56  6:26  Stargate  
  56  6:27  Protoss Ground Armor Level 1  
  56  6:46  Stalker  
  48  6:57  Stalker  
  44  7:07  Stalker  
  46  7:17  Zealot  
  48  7:27  Zealot  
  50  7:37  Stalker  
  52  7:47  Stalker  
  54  7:57  Adept  
  56  8:01  Probe  
  56  9:03  Warp Prism  
  56  9:09  Gateway  
  58  9:11  Stalker x2  
  58  9:14  Templar Archives  
  58  9:17  Robotics Facility  
  58  9:20  Stargate  
  58  9:22  Pylon  
  58  9:32  Warp Prism  
  54  9:45  Pylon  
  54  9:50  Zealot  
  52  10:02  High Templar  
  52  10:03  Warp Prism  
  56  10:09  Observer  
  57  10:15  High Templar  
  59  10:31  Robotics Bay  
  59  10:32  Archon  
  41  10:43  High Templar  
  43  11:10  High Templar  
  45  11:25  Archon  
  45  11:37  High Templar  
  47  11:51  Zealot  
  37  12:05  High Templar  
  37  12:10  Probe  
  31  12:18  Zealot  
  30  12:22  Probe  
  30  12:24  Photon Cannon  
  21  12:33  Probe  
  21  12:35  Zealot  
  11  12:47  Zealot  
  11  12:59  Zealot  
  11  13:04  Zealot  
  11  13:06  Probe  
  11  13:08  Zealot  
  11  13:12  Zealot  
  13  13:18  Probe  
  12  13:20  Zealot  
  12  13:24  Zealot  
  12  13:30  Probe  
  12  13:32  Zealot  
  13  13:36  Zealot  
  13  13:40  Assimilator  
  13  13:41  Zealot  
  17  13:42  Probe  
  17  13:44  Zealot  
  20  13:53  Zealot  
  20  13:55  Probe  
  23  13:56  Zealot  
  25  14:07  Probe  
  26  14:19  Probe  
  27  14:31  Probe  
  28  14:41  Probe  
  29  14:47  High Templar  
  29  14:49  Probe  
  31  14:57  Probe  
  33  15:09  Probe  
  34  15:21  Probe  
  34  15:22  High Templar  
  37  15:31  Stalker  
  37  15:33  Probe  
  40  15:45  Probe  
  41  15:51  Robotics Facility  
  41  15:53  Probe  
  41  16:02  Adept, Probe  
  45  16:12  Probe  
  45  16:14  Immortal  
  50  16:24  Probe  
  51  16:32  Adept  
  53  16:36  Probe  
  53  16:37  Adept, Observer  
  57  16:48  Probe  
  58  16:55  Sentry  
  58  17:00  Probe  
  57  17:04  Stalker  
  53  17:12  Probe  
  52  17:16  Zealot  
  52  17:22  Zealot  
  52  17:28  Immortal  
  55  17:37  Observer  
  56  17:48  Phoenix  
  58  18:09  Observer  
  59  18:12  Adept  
  59  18:18  Adept  
  63  18:24  Adept  
  65  18:31  Stalker  
  65  18:32  Pylon  
  67  18:41  Stalker  
  68  18:57  Probe  
  68  18:59  Sentry  
  71  19:05  Pylon  
  71  19:18  Immortal  
  75  19:36  Immortal  
  78  19:46  Pylon  
  78  19:57  Observer  
  79  20:01  Probe  
  79  20:09  Probe  
  80  20:21  Stargate  
  80  20:34  Observer  
  80  20:48  Void Ray  
  61  21:30  Stargate  
  61  21:40  Observer  
  57  21:55  Observer  
  54  22:04  Phoenix  
  46  22:51  Fleet Beacon  
  46  22:52  Zealot  
  46  22:55  Zealot  
  44  22:59  Zealot  
  44  23:02  Zealot  
  47  23:18  Pylon  
  40  23:23  Zealot  
  33  23:27  Zealot  
  13  23:42  Zealot  
Show
View Real Time Build Order
Export as new Build Order

IA (Difícil) Zerg 

Build Orders: 1 Base Baneling Bust, Pool First 

Get SALT Encoding   

  12  0:01  Drone  
  13  0:11  Overlord  
  13  0:16  Drone  
  14  0:29  Drone  
  14  0:31  Drone  
  16  0:40  Spawning Pool  
  16  0:42  Drone  
  16  0:47  Drone  
  17  0:50  Extractor  
  17  0:54  Drone  
  17  1:05  Overlord  
  17  1:27  Zergling x2, Queen  
  17  1:32  Roach Warren  
  19  1:37  Drone  
  19  1:38  Extractor  
  19  1:39  Drone  
  20  1:48  Zergling x2  
  21  1:59  Drone  
  22  2:09  Overlord  
  22  2:20  Drone  
  23  2:31  Roach  
  23  2:34  Overlord, Drone  
  26  2:43  Roach  
  28  2:46  Drone  
  29  2:53  Drone  
  29  2:55  Ravager  
  31  3:05  Roach  
  33  3:06  Drone  
  33  3:07  Overlord  
  33  3:10  Drone  
  35  3:16  Drone  
  35  3:17  Ravager  
  37  3:26  Ravager  
  38  3:27  Roach  
  40  3:37  Drone  
  40  3:38  Baneling Nest, Overlord  
  40  3:39  Roach  
  40  3:41  Drone  
  43  3:48  Evolution Chamber  
  43  3:49  Drone  
  43  4:00  Roach  
  45  4:12  Roach  
  47  4:25  Roach  
  49  5:01  Zergling x2  
  49  5:57  Lair  
  49  5:58  Drone  
  49  5:59  Zerg Melee Weapons Level 1, Evolution Chamber, Drone  
  49  6:00  Overlord  
  49  6:01  Drone  
  49  6:04  Drone, Spore Crawler  
  50  6:10  Spore Crawler  
  50  6:11  Drone  
  51  6:25  Zerg Missile Weapons Level 1  
  51  6:38  Spine Crawler  
  51  6:39  Drone  
  51  6:44  Spine Crawler  
  51  6:45  Drone  
  50  6:51  Zergling x2  
  50  6:55  Queen  
  50  6:56  Hydralisk Den  
  50  6:57  Overseer  
  50  6:58  Overseer, Drone  
  50  7:00  Infestation Pit  
  50  7:01  Drone  
  52  7:03  Spire  
  52  7:04  Drone  
  50  7:23  Roach  
  35  7:31  Burrow  
  35  7:33  Hydralisk  
  37  7:44  Hydralisk  
  39  7:53  Zerg Ground Armor Level 1  
  39  7:55  Ravager, Hydralisk  
  42  8:07  Roach  
  44  8:17  Roach  
  46  8:28  Roach  
  48  8:39  Ravager, Roach  
  51  8:49  Overlord, Overseer, Hydralisk  
  53  9:01  Roach  
  55  9:11  Ravager  
  55  9:12  Roach  
  58  10:10  Zergling x2  
  58  10:17  Overlord, Overseer  
  58  10:23  Infestor, Pneumatized Carapace  
  58  10:25  Overseer  
  60  10:32  Roach  
  59  10:41  Hatchery  
  56  10:47  Corruptor  
  58  11:08  Hive  
  56  11:31  Roach  
  58  11:39  Roach  
  60  11:41  Overlord  
  59  11:48  Roach  
  59  11:53  Drone  
  62  11:55  Zergling x2  
  63  12:07  Infestor  
  65  12:22  Greater Spire  
  65  13:12  Viper  
  68  13:19  Overlord  
  68  13:21  Overseer  
  68  13:34  Brood Lord, Corruptor  
  72  14:08  Brood Lord  
  74  14:12  Zerg Melee Weapons Level 2  
  74  14:36  Mutalisk  
  74  14:37  Overlord  
  76  14:49  Mutalisk  
  78  14:54  Infestor  
  78  15:07  Mutalisk  
  80  15:26  Corruptor  
  65  15:44  Mutalisk  
  67  16:03  Mutalisk  
  69  16:20  Mutalisk  
  54  16:58  Viper  
  57  17:12  Overseer  
  49  17:39  Brood Lord  
  51  17:57  Zergling x2  
  52  18:16  Overlord  
  52  18:19  Ultralisk Cavern  
  49  19:03  Hydralisk  
  41  19:10  Ultralisk  
  43  19:40  Ultralisk  
  49  19:48  Overseer  
  49  20:08  Overlord, Overseer  
  49  20:31  Overlord, Overseer  
  49  20:44  Overseer  
  49  20:51  Overlord  
  49  21:05  Overseer  
  49  21:10  Overlord  
  49  21:28  Ultralisk, Overlord  
  55  21:34  Hydralisk  
  55  21:39  Overseer  
  57  21:41  Hydralisk  
  59  22:04  Ultralisk  
  59  22:16  Ultralisk, Overlord  
  59  22:18  Ultralisk  
  65  22:25  Overlord, Overseer  
  65  22:36  Overlord  
  56  22:46  Overlord  
  40  22:54  Queen, Hydralisk  
  40  22:57  Overlord x2  
  37  23:07  Overseer  
  37  23:09  Hydralisk  
  37  23:10  Evolution Chamber  
  32  23:14  Hydralisk, Evolution Chamber  
  32  23:18  Drone, Evolution Chamber  
  32  23:19  Zergling x2, Overlord  
  34  23:21  Overlord  
  32  23:29  Evolution Chamber  
  31  23:37  Evolution Chamber  
  31  23:38  Hydralisk  
  31  23:40  Roach Warren  
  31  23:41  Queen, Drone  
  25  23:42  Overlord, Hydralisk  
  25  23:43  Drone  
  25  23:45  Overlord  
  25  23:47  Evolution Chamber  
  28  23:53  Evolution Chamber  
  22  24:01  Zergling x2, Roach Warren, Drone  
  22  24:02  Drone  
  20  24:04  Zergling x2, Overlord, Drone  
  20  24:05  Drone  
  20  24:07  Evolution Chamber  
  20  24:08  Zergling x2, Drone  
  18  24:10  Drone, Spore Crawler  
  18  24:11  Drone  
  18  24:12  Zergling x2, Roach Warren  
  18  24:15  Zergling x2, Drone  
  19  24:18  Evolution Chamber  
  19  24:19  Drone  
  19  24:24  Spore Crawler  
  12  24:29  Roach Warren  
  12  24:30  Drone  
Show
View Real Time Build Order
Export as new Build Order

IA (Difícil) Zerg 

Build Orders: 1 Base Baneling Bust, Pool First 

Get SALT Encoding   

  12  0:01  Drone  
  13  0:11  Overlord  
  13  0:16  Drone  
  14  0:29  Drone  
  14  0:31  Drone  
  16  0:41  Spawning Pool  
  16  0:42  Drone  
  16  0:46  Drone  
  16  0:49  Extractor  
  16  0:54  Drone  
  17  1:05  Overlord  
  17  1:29  Queen  
  17  1:30  Zergling x2  
  20  1:33  Roach Warren  
  20  1:37  Zergling x2  
  20  1:38  Drone  
  20  1:39  Extractor  
  20  1:48  Drone  
  21  1:59  Overlord  
  21  2:10  Drone  
  22  2:20  Roach  
  24  2:31  Roach  
  24  2:35  Overlord, Drone  
  27  2:37  Drone  
  27  2:43  Drone  
  29  2:44  Ravager  
  30  2:53  Roach  
  32  2:58  Baneling Nest  
  32  3:01  Ravager  
  32  3:04  Roach  
  34  3:08  Evolution Chamber, Drone  
  34  3:10  Drone  
  34  3:11  Roach  
  37  3:16  Drone  
  40  3:27  Roach  
  40  3:37  Overlord  
  40  3:40  Drone  
  42  3:41  Drone  
  42  3:42  Drone  
  43  3:49  Drone  
  44  4:54  Lair, Overlord, Drone  
  44  4:55  Zerg Melee Weapons Level 1, Evolution Chamber  
  44  4:56  Drone  
  44  4:57  Drone  
  46  5:07  Roach  
  48  5:15  Roach  
  48  5:17  Overlord  
  50  5:21  Zerg Missile Weapons Level 1  
  50  5:23  Roach  
  52  5:31  Roach  
  48  5:38  Zergling x2  
  42  5:47  Roach  
  44  5:51  Burrow  
  44  5:53  Spore Crawler  
  44  5:54  Drone  
  44  5:55  Roach  
  44  5:56  Hydralisk Den  
  46  5:57  Drone  
  46  6:03  Roach, Spore Crawler  
  47  6:04  Drone  
  47  6:07  Overseer  
  48  6:13  Roach  
  48  6:16  Overseer  
  50  6:22  Roach  
  49  6:28  Spine Crawler  
  49  6:29  Zergling x2, Drone  
  50  6:36  Spine Crawler  
  50  6:37  Drone  
  50  6:39  Hydralisk  
  50  6:44  Infestation Pit  
  51  6:49  Zerg Ground Armor Level 1  
  51  6:51  Drone  
  51  6:52  Hydralisk  
  54  7:00  Hydralisk  
  56  7:02  Queen  
  56  7:07  Hydralisk  
  60  7:19  Spire  
  60  7:20  Drone  
  60  8:47  Pneumatized Carapace  
  60  8:48  Overseer  
  60  8:49  Overlord, Roach  
  60  8:54  Roach  
  64  8:57  Hydralisk  
  64  9:02  Hydralisk  
  68  9:07  Infestor  
  68  9:08  Overlord  
  70  9:20  Zerg Melee Weapons Level 2  
  70  9:26  Zergling x2  
  70  9:29  Hatchery  
  70  9:31  Roach, Drone  
  70  9:51  Roach  
  68  9:56  Roach  
  49  10:00  Roach  
  49  10:04  Hydralisk  
  53  10:09  Roach  
  53  10:13  Roach  
  57  10:18  Roach  
  59  10:23  Roach  
  59  10:26  Hydralisk  
  63  10:31  Hydralisk  
  65  10:35  Hydralisk  
  67  11:15  Zerg Ground Armor Level 2  
  67  11:43  Zerg Missile Weapons Level 2  
  67  12:11  Infestor  
  69  12:47  Zergling x2  
  65  12:52  Hive  
  34  13:56  Zergling x2  
  34  13:59  Zergling x2  
  34  14:03  Zergling x2  
  34  14:04  Queen  
  34  14:07  Zergling x2  
  34  14:10  Hydralisk, Ultralisk Cavern  
  34  14:14  Zergling x2  
  34  14:18  Zergling x2  
  34  14:21  Drone, Mutalisk  
  35  14:25  Zergling x2  
  35  14:29  Mutalisk  
  37  14:33  Zergling x2  
  37  14:37  Zergling x2  
  35  14:40  Drone  
  35  14:43  Spawning Pool, Overlord, Drone  
  35  14:44  Drone x2  
  34  14:51  Drone  
  26  15:04  Drone  
  23  15:07  Drone  
  23  15:09  Drone  
  23  15:11  Drone  
  23  15:13  Drone  
  21  15:14  Drone  
  21  15:17  Drone x2  
  21  15:18  Evolution Chamber  
  21  15:19  Drone  
  21  15:20  Drone  
  21  15:21  Drone x3  
  22  15:22  Drone  
  22  15:24  Drone x2  
  22  15:26  Drone  
  22  15:28  Drone  
  20  15:30  Lair, Drone  
  20  15:31  Zergling x2  
  20  15:32  Drone  
  20  15:33  Drone  
  20  15:35  Zergling x2, Drone  
  21  15:37  Drone  
  21  15:38  Zergling x2  
  21  15:39  Drone, Spore Crawler  
  21  15:41  Drone  
  20  15:49  Zergling x2  
  18  15:57  Spore Crawler  
  18  16:00  Zergling x2  
  13  16:11  Zergling x2  
  10  16:22  Zergling x2  
  9  16:27  Queen  
  9  16:29  Evolution Chamber  
  9  16:32  Zergling x2  
  10  16:35  Spore Crawler  
  10  16:38  Spore Crawler  
  8  16:43  Zergling x2  
  8  16:45  Hydralisk Den  
  7  16:54  Zergling x2  
  7  16:58  Drone  
  5  17:04  Drone  
  5  17:15  Zergling x2  
  5  17:16  Drone  
  5  17:26  Zergling x2  
  4  17:34  Zergling x2, Drone  
  4  17:35  Drone  
  6  17:37  Drone  
Show
View Real Time Build Order
Export as new Build Order

IA (Difícil) Terran 

Build Orders:  

Get SALT Encoding   

  12  0:01  SCV  
  13  0:13  SCV  
  14  0:19  Supply Depot  
  14  0:25  SCV  
  15  0:41  SCV  
  16  0:46  Barracks  
  16  0:51  Refinery  
  16  0:53  SCV  
  17  1:05  SCV  
  18  1:17  SCV  
  19  1:24  Supply Depot  
  19  1:30  SCV  
  20  1:33  Marine  
  21  1:44  Barracks  
  21  1:45  Orbital Command  
  21  1:50  Refinery  
  21  1:52  Barracks Tech Lab  
  21  2:10  Marine  
  21  2:11  Supply Depot  
  22  2:29  Marauder  
  24  2:30  Marine  
  25  2:48  Marine  
  25  2:51  Marauder  
  28  2:52  Supply Depot  
  28  3:00  SCV  
  29  3:06  Marine  
  29  3:12  Marauder, SCV  
  33  3:13  Engineering Bay  
  33  3:24  Marine, SCV  
  35  3:27  Supply Depot  
  35  3:33  Marauder  
  37  3:36  SCV  
  38  3:42  Marine  
  39  3:48  SCV  
  39  3:55  Marauder  
  42  4:01  SCV  
  43  5:09  Barracks Tech Lab  
  43  5:12  Stimpack, Marine, SCV  
  43  5:13  Factory  
  45  5:18  Factory  
  45  5:21  Supply Depot  
  45  5:24  Terran Infantry Weapons Level 1, SCV  
  45  5:27  Combat Shield  
  46  5:29  Marine  
  40  5:38  Marine  
  41  5:47  Marine  
  42  5:55  Marine  
  42  5:56  Factory Tech Lab, Missile Turret  
  43  6:00  Starport  
  43  6:04  Missile Turret  
  43  6:05  Marine  
  43  6:08  Starport  
  43  6:09  Factory Tech Lab  
  44  6:13  Marine  
  43  6:23  Marine  
  36  6:26  Siege Tank  
  36  6:28  Bunker  
  39  6:34  Widow Mine  
  39  6:36  Starport Tech Lab  
  41  6:42  Marauder  
  41  6:46  Barracks, Starport Tech Lab  
  43  6:50  Marauder  
  45  6:57  Raven  
  47  7:04  Marauder  
  47  7:05  Concussive Shells  
  47  7:06  Siege Tank  
  52  7:14  Widow Mine  
  54  7:18  Terran Infantry Armor Level 1  
  54  7:39  Raven  
  56  8:00  Sensor Tower  
  56  8:18  Armory  
  56  8:26  Barracks Reactor  
  56  9:05  Medivac, Reaper  
  56  9:07  Supply Depot  
  56  9:08  Reaper  
  60  9:10  Engineering Bay  
  60  9:23  Medivac  
  62  9:28  Marine  
  54  9:31  Marine  
  54  9:37  Marine  
  56  9:40  Marine  
  57  9:46  Marine  
  57  9:49  Marine  
  58  9:55  Marine  
  58  9:57  Marine  
  58  10:01  Raven  
  58  10:04  Marine  
  61  10:07  Marine  
  61  10:12  Marine  
  63  10:16  Reaper  
  63  10:19  Supply Depot  
  63  10:30  Medivac  
  65  10:41  SCV  
  66  11:14  Raven  
  68  11:19  Marauder  
  68  11:23  Marauder  
  72  11:26  Supply Depot  
  72  11:33  Reaper  
  73  11:42  Reaper  
  74  12:08  Ghost Academy  
  74  12:33  Banshee  
  76  12:37  Supply Depot  
  76  12:38  Marauder  
  76  12:40  Ghost  
  80  12:51  Marine  
  77  12:54  Marine  
  74  12:59  Marine, SCV  
  74  13:01  Cyclone  
  79  13:08  Marine  
  79  13:10  Marauder  
  79  13:12  Marine  
  83  13:18  Banshee  
  86  13:21  Supply Depot  
  86  14:13  Marine  
  86  14:18  Supply Depot  
  86  14:19  Marine  
  86  14:22  Fusion Core  
  86  14:42  Marine  
  86  14:45  Marine  
  84  14:48  Marine  
  85  14:53  Marine  
  85  14:59  Marine  
  81  15:03  Medivac, Marine  
  81  15:06  Marine  
  81  15:11  Battlecruiser  
  83  15:29  Marine  
  83  15:35  Marine  
  83  15:42  Raven  
  85  15:54  Marauder  
  87  16:06  SCV  
  87  16:09  Marauder  
  87  16:13  Marine  
  87  16:15  Marauder  
  87  16:16  Marine  
  91  16:20  Viking  
  91  16:23  Supply Depot  
  93  16:30  Marauder  
  93  16:31  Marine  
  93  16:34  Marine  
  93  16:36  Marauder  
  96  16:49  Supply Depot  
  96  16:52  Marauder  
  98  16:58  Marauder  
  100  17:13  Marauder  
  99  17:19  Marauder  
  99  17:20  Siege Tank  
  104  17:25  Supply Depot  
  104  17:34  Marauder  
  106  17:41  Marauder  
  105  17:45  SCV  
  106  17:56  Marauder  
  106  17:57  Raven  
  110  18:02  Marauder  
  112  18:17  Marauder  
  114  18:26  Ghost  
  116  18:40  Viking  
  118  18:51  Marine  
  118  18:54  Marine  
  112  18:57  Marine  
  112  19:00  Marine  
  112  19:01  Medivac  
  107  19:09  Marine  
  90  19:12  Marine  
  90  19:15  Marine  
  90  19:18  Marine  
  91  19:27  Marine  
  91  19:30  Marine  
  93  19:32  SCV  
  93  19:33  Marine  
  93  19:36  Marine  
  95  19:40  Raven  
  97  19:45  Marauder  
  97  19:51  Marine  
  100  20:04  Viking  
  100  20:06  Marine, SCV  
  100  20:09  Hellion, Marine  
  100  20:12  Marine  
  66  20:15  Marine  
  66  20:16  Hellion  
  66  20:18  SCV  
  36  20:24  Marine  
  36  20:27  Marine  
  22  20:29  Marine  
  22  20:30  SCV  
  18  20:37  Viking  
  13  20:47  Missile Turret  
Tags
 
Add a new tag
Caveats
  • Supply blocks, unpowered buildings, or Contaminate may cause inaccurate times.
  • Supply counts are checked every 10 seconds.